[Event "Early-Titled-Tuesday-Blitz-October-24-2023"]
[Site "Chess.com"]
[Date "2023.10.24"]
[Round "5"]
[White "mary-sanna"]
[Black "UK_23"]
[Result "0-1"]
[WhiteElo "2206"]
[BlackElo "2397"]
[TimeControl "180+1"]
[EndTime "8:54:15 PDT"]
[Termination "UK_23 won by checkmate"]

1. d4 d5 2. c4 e6 3. Nf3 Nf6 4.
g3 Be7 5. Bg2 O-O 6. O-O c6 7.
Nc3 b6 8. Qd3 Ba6 9. b3 Nbd7 10.
e4 dxe4 11. Nxe4 Rc8 12. Rd1 c5 13. Bb2 Qc7 14. dxc5 Nxc5 15. Nxc5 Qxc5 16. Qc3 b5 17. Qa5 Qb6 18. Qxb6 axb6 19. cxb5 Bxb5 20. Nd4 Be8 21.
Rac1 Rd8 22. Nc6 Bxc6 23. Bxc6 Bc5 24. h3 h6 25. Bxf6 gxf6 26. a4 Kg7 27. Bb5 f5 28.
Kf1 Kf6 29. f4 Rg8 30. Kg2 Be3 31. Rxd8 Rxd8 32. Rc2 Rd1 33. Kf3 Bc5 34. Re2 Rf1+ 35. Kg2 Rg1+ 36. Kf3 Rb1 37. Bc4 h5 38. Rd2 Rh1 39.
h4 Re1 40. Rd7 Re3+ 41. Kg2 Rc3 42. Rb7 Rc2+ 43. Kf3 Rf2# 0-1

[Event "Early-Titled-Tuesday-Blitz-October-24-2023"]
[Site "Chess.com"]
[Date "2023.10.24"]
[Round "5"]
[White "NikolaGry"]
[Black "lilleper1"]
[Result "1-0"]
[WhiteElo "2752"]
[BlackElo "2875"]
[TimeControl "180+1"]
[EndTime "8:54:16 PDT"]
[Termination "NikolaGry won by resignation"]

1. d4 Nf6 2. Bg5 Ne4 3. h4 c5 4. dxc5 Qa5+ 5. Nd2 Nxg5 6. hxg5 Qxc5 7. g6 fxg6 8. e3 Nc6 9. Ngf3 Qb4 10. Qc1 d5 11.
c3 Qd6 12. Bd3 Bf5 13. Qc2 Bxd3 14. Qxd3 O-O-O 15. O-O-O Kb8 16. Ng5 Ne5 17. Qe2 h6 18. f4 Qf6 19. Nde4 Qb6 20. fxe5 Rg8 21. Nf7 Rc8 22. Ng3 Qe6 23. Rhf1 g5 24. Qf3 Rc5 25. Qf5 Qxf5 26. Nxf5 Kc7 27. e6 Rc6 28. Nd4 Ra6 29. Rf5 Rxa2 30. Rxd5 Ra1+ 31. Kc2 Rxd1 32. Kxd1 g6 33.
Rd7+ Kb6 34. Rd8 h5 35. Ke2 g4 36. Kf1 h4 37. Kg1 g5 38. b4 a5 39. bxa5+ Kxa5 40. Rc8 b5 41. Nc6+ Kb6 42. Nxe7 1-0

[Event "Early-Titled-Tuesday-Blitz-October-24-2023"]
[Site "Chess.com"]
[Date "2023.10.24"]
[Round "5"]
[White "rachidhuilda"]
[Black "RNG2200"]
[Result "1-0"]
[WhiteElo "2372"]
[BlackElo "2156"]
[TimeControl "180+1"]
[EndTime "8:54:20 PDT"]
[Termination "rachidhuilda won on time"]

1. d4 d5 2. Nf3 c6 3. c4 e6 4. Nbd2 f5 5. g3 Nf6 6. Bg2 Bd6 7. b3 O-O 8. Bb2 Bd7 9. Ne5 Be8 10. f4 Nbd7 11. Ndf3 Bh5 12. O-O Qe7 13. Qd3 Ne4 14. Nxd7 Qxd7 15. Ne5 Qe7 16. Bf3 Bf7 17. Rac1 g5 18.
cxd5 exd5 19. e3 gxf4 20. exf4 Bg6 21. Bg2 Rf6 22. Nf3 Raf8 23. Rce1 Qg7 24. Ne5 Bh5 25. Bf3 Bxf3 26. Rxf3 Rh6 27. Re2 Rh3 28. Kg2 Qh6 29.
Kg1 Qh5 30. Rg2 Kh8 31. Rf1 Rg8 32. Qf3 1-0

[Event "Early-Titled-Tuesday-Blitz-October-24-2023"]
[Site "Chess.com"]
[Date "2023.10.24"]
[Round "5"]
[White "klimkoj"]
[Black "Mr_ruthless"]
[Result "1-0"]
[WhiteElo "2763"]
[BlackElo "2473"]
[TimeControl "180+1"]
[EndTime "8:54:21 PDT"]
[Termination "klimkoj won on time"]

1. Nf3 Nf6 2. b3 g6 3. Bb2 Bg7 4. c4 O-O 5. g3 b6 6. Bg2 Bb7 7. O-O c5 8. Nc3 d6 9. d4 cxd4 10. Nxd4 Bxg2 11. Kxg2 Qd7 12. e4 Nc6 13. f3 Rfc8 14.
Nde2 a6 15. Qd2 h5 16. Rac1 Qb7 17. Nd5 Nxd5 18. cxd5 Ne5 19. Nd4 Rxc1 20. Rxc1 Rc8 21. Rc2 Rc5 22. Ba3 Rxc2 23. Qxc2 b5 24. Bc1 h4 25. Nc6 h3+ 26. Kf2 Nxc6 27. dxc6 Bd4+ 28. Ke2 Qc7 29. b4 e6 30. Bf4 Be5 31.
Bxe5 dxe5 32. Qc5 Kg7 33. g4 f5 34. g5 fxe4 35. fxe4 Kf7 36. Kf3 1-0

[Event "Early-Titled-Tuesday-Blitz-October-24-2023"]
[Site "Chess.com"]
[Date "2023.10.24"]
[Round "5"]
[White "DKmirl"]
[Black "Barmen_EV"]
[Result "0-1"]
[WhiteElo "2290"]
[BlackElo "2498"]
[TimeControl "180+1"]
[EndTime "8:54:21 PDT"]
[Termination "Barmen_EV won on time"]

1. d4 Nf6 2. Nf3 d5 3. g3 e6 4. Bg2 Bb4+ 5. Bd2 Be7 6. O-O O-O 7. c4 dxc4 8. Bc3 a6 9. Ne5 Nbd7 10. Nxc4 Rb8 11. Nbd2 c5 12. dxc5 Nxc5 13. Be5 Ra8 14. Nb3 Nd5 15. Bd4 Nxb3 16. axb3 b5 17. Ne3 Bb7 18.
Rc1 Nxe3 19. Bxe3 Bxg2 20. Qxd8 Rfxd8 21. Kxg2 Rac8 22. Rxc8 Rxc8 23. Ra1 Rc6 24. Rd1 h6 25.
Rd7 Bf6 26. Bd4 Bxd4 27. Rxd4 Rc2 28. Rd6 Rxe2 29. Rxa6 Rxb2 30. Ra8+ Kh7 31. Ra7 Kg6 32. Rb7 Rxb3 33. h4 h5 34. Rb6 Kf6 35. Rb8 g6 36. Rb6 b4 37. Rb5 Rb2 38. Kg1 b3 39. Rb4 Ke5 40.
Kg2 Rb1 41. Rb5+ Kd4 42. Rb7 Kc3 43. Rc7+ Kb2 44. Rxf7 Re1 45. Rb7 Kc2 46. Rc7+ Kb1 0-1

[Event "Early-Titled-Tuesday-Blitz-October-24-2023"]
[Site "Chess.com"]
[Date "2023.10.24"]
[Round "5"]
[White "subham777"]
[Black "Dewarfd"]
[Result "1-0"]
[WhiteElo "2523"]
[BlackElo "2172"]
[TimeControl "180+1"]
[EndTime "8:54:22 PDT"]
[Termination "subham777 won by resignation"]

1. e4 e5 2. Nf3 Nc6 3. Bc4 Nf6 4. d3 Be7 5. c3 O-O 6. Nbd2 d6 7. Nf1 Na5 8. Bb5 a6 9. Ba4 b5 10. Bc2 c5 11. Ng3 Nc6 12. O-O d5 13. exd5 Nxd5 14. Re1 Bf6 15. a4 Bg4 16. h3 Be6 17. Ne4 Be7 18. Ng3 Qc7 19. Qe2 f6 20. Bb3 Qd7 21. Qe4 Rad8 22. axb5 axb5 23. Ra6 Qb7 24.
Ra1 Nf4 25. Bxe6+ Nxe6 26. Nf5 Qd7 27. Ra6 Nb8 28. Rxe6 Qxe6 29. Qg4 Rf7 30. Nh6+ Kh8 31. Qxe6 1-0

[Event "Early-Titled-Tuesday-Blitz-October-24-2023"]
[Site "Chess.com"]
[Date "2023.10.24"]
[Round "5"]
[White "Carow-Kann"]
[Black "ContrVersia"]
[Result "0-1"]
[WhiteElo "2637"]
[BlackElo "2909"]
[TimeControl "180+1"]
[EndTime "8:54:23 PDT"]
[Termination "ContrVersia won by resignation"]

1. d4 Nf6 2. c4 e6 3. Nc3 Bb4 4.
Qc2 Nc6 5. Nf3 d6 6. Bg5 h6 7. Bd2 O-O 8. a3 Bxc3 9. Bxc3 Qe7 10. e3 a5 11. b3 e5 12. dxe5 dxe5 13. Be2 Bg4 14.
h3 Bh5 15. O-O Bg6 16. Qb2 Rfe8 17. Rfd1 Ne4 18. Be1 Nc5 19. b4 axb4 20. axb4 Rxa1 21. Qxa1 Ne4 22. c5 f6 23. Nh4 Bf7 24. f3 Ng5 25.
Bc3 Qe6 26. b5 Ne7 27. Qb2 Ra8 28. Ra1 Rxa1+ 29. Qxa1 Qb3 30. Qb2 Qa4 31. e4 Ne6 32. Qb4 Qc2 33. Qb2 Qxb2 34. Bxb2 Nxc5 35. Ba3 b6 36. Kf2 g5 37. Nf5 Nxf5 38. exf5 Kf8 39.
Ke3 Ke7 40. g3 Kd6 41. Bf1 Bb3 42. Be2 Kd5 43. g4 Bc4 44. Bxc4+ Kxc4 45. Bb2 Kxb5 0-1

[Event "Early-Titled-Tuesday-Blitz-October-24-2023"]
[Site "Chess.com"]
[Date "2023.10.24"]
[Round "5"]
[White "Shivananda1964"]
[Black "balachess2006"]
[Result "0-1"]
[WhiteElo "2402"]
[BlackElo "2567"]
[TimeControl "180+1"]
[EndTime "8:54:23 PDT"]
[Termination "balachess2006 won on time"]

1. e4 c5 2. Nf3 Nc6 3. c3 Nf6 4. e5 Nd5 5. g3 d6 6. exd6 Qxd6 7.
Bg2 g6 8. O-O Bg7 9. Re1 O-O 10.
d3 Bf5 11. Nh4 Be6 12. Na3 Rad8 13. Nc4 Qc7 14. Qe2 Qc8 15. a4 Bh3 16. Bh1 b6 17. Bd2 Rfe8 18. Rad1 Bg4 19. f3 Be6 20. Ng2 Nf6 21. Nce3 Bb3 22. Ra1 Qa6 23. Nc4 Bxc4 24. dxc4 Ne5 25. b3 Qb7 26. Ne3 Qd7 27. Rad1 Nd3 28.
Rf1 Nb2 29. Rb1 Qxd2 30. Rxb2 Qxe2 31. Rxe2 e6 32. f4 Rd3 33. Rc1 Red8 34. Kf1 h5 35. Ke1 Ng4 36. Nxg4 hxg4 37. Be4 Bxc3+ 38. Kf2 Bd4+ 39.
Kf1 Rxb3 0-1

[Event "Early-Titled-Tuesday-Blitz-October-24-2023"]
[Site "Chess.com"]
[Date "2023.10.24"]
[Round "5"]
[White "falzehope0"]
[Black "OLDTERMINATOR"]
[Result "1-0"]
[WhiteElo "2330"]
[BlackElo "1697"]
[TimeControl "180+1"]
[EndTime "8:54:23 PDT"]
[Termination "falzehope0 won on time"]

1. d4 Nf6 2. e3 g6 3. Bd3 Bg7 4. f4 d5 5. Nf3 c6 6. O-O Bg4 7.
Nbd2 Nbd7 8. Qe1 a5 9. Ne5 Nxe5 10. fxe5 Nd7 11. c4 Be6 12. c5 b6 13. cxb6 Qxb6 14.
b3 O-O 15. Ba3 Qd8 16. Rc1 Rc8 17. Bc5 Nxc5 18. Rxc5 Bd7 19. Nb1 f6 20. exf6 Bxf6 21. Rxa5 e5 22. e4 exd4 23. exd5 c5 24. Bc4 Kg7 25.
Ra6 Bf5 26. Nd2 Re8 27. Qf2 Be5 28. Nf3 Bf4 29. Kh1 Be3 30. Qg3 Be4 31. Ra7+ Re7 32. Ra6 1-0

[Event "Early-Titled-Tuesday-Blitz-October-24-2023"]
[Site "Chess.com"]
[Date "2023.10.24"]
[Round "5"]
[White "GlacierGambit"]
[Black "laiciffOneslraCsungaM"]
[Result "0-1"]
[WhiteElo "2107"]
[BlackElo "2338"]
[TimeControl "180+1"]
[EndTime "8:54:23 PDT"]
[Termination "laiciffOneslraCsungaM won on time"]

1. e4 e6 2. d4 d5 3. Nc3 Nf6 4. e5 Nfd7 5. f4 c5 6. Nf3 Nc6 7. Be3 cxd4 8. Nxd4 Qb6 9. Na4 Qa5+ 10. c3 Nxd4 11. Bxd4 b5 12. b4 Qxa4 13. Qxa4 bxa4 14.
Bb5 Be7 15. Bc6 Rb8 16. Bxa7 O-O 17. Bxb8 Nxb8 18. Bxa4 f6 19. O-O fxe5 20. fxe5 Ba6 21. b5 Bb7 22. Rxf8+ Kxf8 23. Bc2 Bc5+ 24. Kf1 g6 25. a4 Nd7 26. a5 Nxe5 27. a6 Ba8 28. Re1 Nc4 29. Bd1 e5 30. Ke2 Ke7 31. Kd3 Kd6 32.
Rf1 e4+ 33. Kc2 Ne3+ 34. Kb3 Nxf1 0-1

[Event "Early-Titled-Tuesday-Blitz-October-24-2023"]
[Site "Chess.com"]
[Date "2023.10.24"]
[Round "5"]
[White "MagnusCarlsen"]
[Black "seopie"]
[Result "1-0"]
[WhiteElo "3270"]
[BlackElo "2912"]
[TimeControl "180+1"]
[EndTime "8:54:25 PDT"]
[Termination "MagnusCarlsen won by resignation"]

1. h4 h5 2. e4 e5 3. Nf3 Nc6 4. Bc4 Be7 5. d4 exd4 6. c3 d3 7.
Qb3 Nh6 8. Bxh6 Rxh6 9. Bxf7+ Kf8 10. Nbd2 d6 11. Bd5 Na5 12. Qa4 c6 13. Bb3 Nxb3 14.
axb3 d5 15. Qd4 dxe4 16. Qxd8+ Bxd8 17. Nxe4 Bf5 18. Ng3 Bg4 19. O-O-O Bxf3 20. gxf3 Bb6 21. Rxd3 Bxf2 22. Ne4 Bb6 23. Rd7 Re6 24. Rxb7 Rae8 25. Kc2 R8e7 26. Rb8+ Re8 27. Rxe8+ Kxe8 28. b4 Re5 29. c4 a5 30. c5 Bd8 31. bxa5 Bxa5 32.
Ra1 Bb4 33. Kd3 Bxc5 34. Ra5 Rd5+ 35. Kc4 Be7 36. Ra6 Bxh4 37. Rxc6 Re5 38. b4 Bd8 39. b5 Kd7 40. Rd6+ Kc8 41. Rc6+ Kd7 42. Nc5+ Ke8 43. b6 Bxb6 44. Rxb6 Rf5 45. Rb3 g5 46. Ne6 Ke7 47. Nd4 Rf4 48. Kd5 g4 49. Ke5 Rf8 50.
Rb7+ Ke8 51. Ke6 1-0

[Event "Early-Titled-Tuesday-Blitz-October-24-2023"]
[Site "Chess.com"]
[Date "2023.10.24"]
[Round "5"]
[White "Fonsofan"]
[Black "Firouzja2003"]
[Result "0-1"]
[WhiteElo "2729"]
[BlackElo "3086"]
[TimeControl "180+1"]
[EndTime "8:54:25 PDT"]
[Termination "Firouzja2003 won on time"]

1. d4 Nf6 2. Nf3 g6 3. c4 Bg7 4. Nc3 O-O 5. e4 d6 6. Be2 e5 7. dxe5 dxe5 8. Qxd8 Rxd8 9. Bg5 c6 10. Nxe5 Re8 11. f4 Na6 12. O-O-O h6 13. Bh4 g5 14.
Bg3 Nc5 15. Rhe1 Nfxe4 16. Nxe4 Nxe4 17. Nxf7 Nxg3 18. hxg3 Rxe2 19. Rxe2 Bg4 20. Red2 Bxd1 21. Rxd1 Kxf7 22. Rd7+ Kg6 23. Rxb7 g4 24. Rc7 Bd4 25. Rxc6+ Kh5 26. Kd2 Bf2 27. b4 Bxg3 28. Rc5+ Kh4 29. Rf5 Rd8+ 30. Ke3 Re8+ 31. Kd3 Bf2 32. c5 Kg3 33.
Rh5 Kxg2 34. Rxh6 g3 35. Rg6 Kf3 36. Kc4 g2 37. Rxg2 Kxg2 38. b5 Kf3 39. a4 Re4+ 40. Kd5 Rxa4 41. f5 Rf4 0-1

[Event "Early-Titled-Tuesday-Blitz-October-24-2023"]
[Site "Chess.com"]
[Date "2023.10.24"]
[Round "5"]
[White "HATilay"]
[Black "wild3000"]
[Result "0-1"]
[WhiteElo "2542"]
[BlackElo "2374"]
[TimeControl "180+1"]
[EndTime "8:54:25 PDT"]
[Termination "wild3000 won by resignation"]

1. d4 Nf6 2. c4 e6 3. Nc3 d5 4. cxd5 exd5 5. Bg5 Be7 6. e3 c6 7. Bd3 Nbd7 8. Qc2 h6 9. Bf4 O-O 10. h3 Re8 11. Nf3 b6 12. O-O Bb7 13. Bh2 Bf8 14. Ne5 Nxe5 15. dxe5 Nd7 16. f4 Nc5 17. Bh7+ Kh8 18.
b4 Ne6 19. a3 c5 20. Rad1 cxb4 21. axb4 Rc8 22. Qd3 Rxc3 23. Qxc3 Kxh7 24. h4 Qxh4 25.
f5 Ng5 26. Rf4 Qh5 27. Rdf1 Rc8 28. Qd2 Ne4 29. Qe1 Rc2 30. e6 Qg5 31. g4 fxe6 32. fxe6 Bd6 33. e7 Qxe7 0-1

[Event "Early-Titled-Tuesday-Blitz-October-24-2023"]
[Site "Chess.com"]
[Date "2023.10.24"]
[Round "5"]
[White "pedro_gines"]
[Black "Nbk90"]
[Result "1-0"]
[WhiteElo "2746"]
[BlackElo "2212"]
[TimeControl "180+1"]
[EndTime "8:54:27 PDT"]
[Termination "pedro_gines won by resignation"]

1. d4 Nf6 2. c4 e6 3. Nf3 Bb4+ 4. Nbd2 O-O 5. a3 Bxd2+ 6. Qxd2 d6 7. e3 Qe7 8. Be2 e5 9. O-O Bg4 10. b4 Nbd7 11.
h3 Bh5 12. Bb2 e4 13. Nh2 Bxe2 14. Qxe2 c6 15. a4 d5 16. Ba3 Qe6 17. b5 Rfc8 18.
Rfc1 dxc4 19. Qxc4 Qxc4 20. Rxc4 Nb6 21. bxc6 bxc6 22.
Rc2 Nxa4 23. Be7 Nb6 24. Bxf6 gxf6 25. Ng4 Kg7 26. Ra5 Nd5 27. Nh2 Rab8 28. g4 Rb1+ 29. Kg2 Nb4 30. Rd2 Rc7 31. f3 exf3+ 32. Nxf3 Re7 33. Nh4 Re6 34. Rxa7 Nd5 35. Re2 Nf4+ 36. Kf3 Nxe2 37. Kxe2 Rh1 38. Nf5+ Kf8 39. h4 Rh3 40. Kf2 Re4 41. Ra8+ Re8 42. Rxe8+ Kxe8 43. Kg2 Rxh4 44. Nxh4 Kd7 45. Kf3 1-0

[Event "Early-Titled-Tuesday-Blitz-October-24-2023"]
[Site "Chess.com"]
[Date "2023.10.24"]
[Round "5"]
[White "AndrewB92"]
[Black "DanielTitichoca"]
[Result "1-0"]
[WhiteElo "2481"]
[BlackElo "2623"]
[TimeControl "180+1"]
[EndTime "8:54:29 PDT"]
[Termination "AndrewB92 won by resignation"]

1. d4 Nf6 2. c4 e6 3. Nc3 c5 4. d5 exd5 5. cxd5 d6 6. e4 g6 7. Nf3 a6 8. a4 Bg4 9. Bd3 Bg7 10. O-O O-O 11. h3 Bxf3 12. Qxf3 Nfd7 13. Qe2 Ne5 14. Bc2 Re8 15. Be3 a5 16. f4 Ned7 17. Qd2 Na6 18.
Rae1 Nb4 19. Bb1 Rc8 20. Nb5 Nb6 21. b3 c4 22. Qf2 Na8 23. bxc4 Rxc4 24. Rc1 Rcxe4 25.
Bxe4 Rxe4 26. Nxd6 Qxd6 27. Rc8+ Bf8 28. Bc5 Kg7 29.
Bxd6 Bxd6 30. Rxa8 Rc4 31. Qb2+ f6 32. Kh1 b6 33.
Ra7+ 1-0

[Event "Early-Titled-Tuesday-Blitz-October-24-2023"]
[Site "Chess.com"]
[Date "2023.10.24"]
[Round "5"]
[White "MANOJ_MISHRA123"]
[Black "Marcin"]
[Result "0-1"]
[WhiteElo "2181"]
[BlackElo "2422"]
[TimeControl "180+1"]
[EndTime "8:54:31 PDT"]
[Termination "Marcin won on time"]

1. d4 Nf6 2. Bf4 g6 3. Nc3 d5 4. e3 Bg7 5. h4 c5 6. Nb5 Na6 7.
c3 O-O 8. h5 cxd4 9. hxg6 hxg6 10. exd4 Bg4 11. f3 Bd7 12. a4 Nh5 13. Be3 Ng3 14.
Rh2 Nxf1 15. Kxf1 Bxb5+ 16. axb5 Nc7 17. Qd2 Nxb5 18. Bh6 Qd6 19. Rh3 Qf6 20. Re1 Nd6 21. Bg5 Nc4 22. Qc1 Qa6 23. Ne2 e5 24. Bh6 exd4 25.
Bxg7 Ne3+ 26. Qxe3 dxe3 27. Be5 f6 28. Bd4 Rae8 29.
Kg1 Kg7 30. Nf4 Rh8 31. Rg3 e2 32. Rxg6+ Kf7 33. Rxf6+ Qxf6 34. Bxf6 Kxf6 0-1

[Event "Early-Titled-Tuesday-Blitz-October-24-2023"]
[Site "Chess.com"]
[Date "2023.10.24"]
[Round "5"]
[White "Zurability"]
[Black "NMJeevanK"]
[Result "0-1"]
[WhiteElo "2786"]
[BlackElo "2601"]
[TimeControl "180+1"]
[EndTime "8:54:33 PDT"]
[Termination "NMJeevanK won on time"]

1. d4 d6 2. Nf3 g6 3. e4 Nf6 4. Nc3 Bg7 5. h3 O-O 6. Be2 a6 7. a4 Nc6 8. O-O e5 9. dxe5 Nxe5 10. Nxe5 dxe5 11. Bg5 h6 12. Qxd8 Rxd8 13. Bxf6 Bxf6 14. Nd5 Kg7 15. Nxc7 Rb8 16. Rfd1 Bd7 17. Nd5 Bc6 18. Nxf6 Kxf6 19. f3 Rd4 20. Rxd4 exd4 21. Bd3 Ke5 22. Kf2 g5 23. a5 Bd7 24. h4 g4 25. b4 Rc8 26.
Ke2 g3 27. h5 Kf4 28. Rh1 Rc3 29. Kd2 Ra3 30. Rh4+ Kg5 31. Rh1 Kf4 32. Rb1 Be6 33.
b5 Rxa5 34. bxa6 bxa6 35. Rb6 Rxh5 36. Rxa6 Rh2 37. Bf1 Rh1 38. Bd3 Rg1 0-1

[Event "Early-Titled-Tuesday-Blitz-October-24-2023"]
[Site "Chess.com"]
[Date "2023.10.24"]
[Round "5"]
[White "Andrei_Skvortsov"]
[Black "Skatchkov_V"]
[Result "1-0"]
[WhiteElo "2662"]
[BlackElo "2548"]
[TimeControl "180+1"]
[EndTime "8:54:33 PDT"]
[Termination "Andrei_Skvortsov won by resignation"]

1. e4 e5 2. d4 exd4 3. Qxd4 Nc6 4. Qd3 Nf6 5. Nc3 Bc5 6. Qg3 d6 7. Be3 Ne5 8. Bxc5 Nh5 9. Qe3 dxc5 10. Qxc5 Qg5 11. Nd5 c6 12. h4 Qd8 13. Ne3 f6 14.
g3 Be6 15. Be2 Bf7 16. Nf5 g6 17. Nd6+ Kf8 18. Nxb7+ Qe7 19. Qxe7+ Kxe7 20. Nc5 Rab8 21. b3 Rhd8 22. Nd3 Ng7 23. O-O-O Ne6 24. Nxe5 fxe5 25. Nf3 Kf6 26. Bc4 Nc5 27. Bxf7 Kxf7 28. Nxe5+ Kf6 29. Nxc6 Rxd1+ 30. Rxd1 Rc8 31. e5+ Kf5 32. Ne7+ 1-0

[Event "Early-Titled-Tuesday-Blitz-October-24-2023"]
[Site "Chess.com"]
[Date "2023.10.24"]
[Round "5"]
[White "hansen"]
[Black "topin8"]
[Result "1-0"]
[WhiteElo "2931"]
[BlackElo "2455"]
[TimeControl "180+1"]
[EndTime "8:54:33 PDT"]
[Termination "hansen won on time"]

1. e4 e5 2. Nf3 Nc6 3. c3 Nf6 4. d4 Nxe4 5. Bd3 d5 6. dxe5 Nc5 7. Bb5 Be7 8. O-O O-O 9. h3 Bf5 10. Re1 f6 11. Bxc6 bxc6 12. Nd4 Qd7 13. e6 Bxe6 14. b4 Bxh3 15. bxc5 Bxc5 16. gxh3 Qxh3 17. Qf3 Qd7 18.
Bf4 Rfe8 19. Nd2 Bd6 20. Qg3 Kh8 21. Kg2 c5 22. N4f3 Bxf4 23. Qxf4 c6 24. Nb3 1-0

[Event "Early-Titled-Tuesday-Blitz-October-24-2023"]
[Site "Chess.com"]
[Date "2023.10.24"]
[Round "5"]
[White "krzyzan94"]
[Black "CristianS27"]
[Result "0-1"]
[WhiteElo "2762"]
[BlackElo "2548"]
[TimeControl "180+1"]
[EndTime "8:54:36 PDT"]
[Termination "CristianS27 won by checkmate"]

1. e4 e5 2. Nf3 Nc6 3. Bb5 a6 4.
Ba4 Nf6 5. Nc3 b5 6. Bb3 Bc5 7. d3 h6 8. a4 Rb8 9. axb5 axb5 10. Nd5 O-O 11. c3 d6 12. h4 Bg4 13. Ne3 Qd7 14.
Ra6 Ra8 15. Rxa8 Rxa8 16. Qe2 Ra1 17. O-O Nh5 18. Nxg4 Qxg4 19. d4 exd4 20. cxd4 Ng3 21. Bxf7+ Kh8 22. Qc2 Nxd4 23. Nxd4 Bxd4 24. Re1 Qxh4 25.
Be3 Qh1# 0-1

[Event "Early-Titled-Tuesday-Blitz-October-24-2023"]
[Site "Chess.com"]
[Date "2023.10.24"]
[Round "5"]
[White "Lennis93"]
[Black "ketster"]
[Result "1-0"]
[WhiteElo "2736"]
[BlackElo "2501"]
[TimeControl "180+1"]
[EndTime "8:54:36 PDT"]
[Termination "Lennis93 won by checkmate"]

1. c4 e5 2. g3 d5 3. cxd5 Qxd5 4. Nf3 Nc6 5. Nc3 Qd8 6. Bg2 Nf6 7. O-O Bc5 8. d3 O-O 9. Bg5 Be7 10. Rc1 Be6 11.
a3 Nd5 12. Bxe7 Ndxe7 13. Na4 Bd5 14. b4 f6 15. Nc5 b6 16. Na6 Rc8 17. b5 Na5 18. e4 Bb3 19. Qe2 c6 20. bxc6 Rxc6 21. Nb4 Rd6 22. Nd2 Be6 23. f4 Nb7 24. fxe5 fxe5 25. Nc4 Bxc4 26. Rxf8+ Kxf8 27. dxc4 Nc5 28. Nd5 Nc6 29. Rd1 Nd4 30. Qh5 Kg8 31. Qxe5 Nc6 32. Ne7+ Nxe7 33. Qxd6 Qf8 34. Rf1 Qe8 35. e5 h6 36.
Bd5+ Kh7 37. Bf7 Qa8 38. Qxe7 Qe4 39. Bd5 Qe3+ 40. Kg2 Nd3 41. Qf7 Ne1+ 42. Rxe1 Qxe1 43. Qf5+ Kh8 44. Qc8+ Kh7 45. Bg8+ Kg6 46. Qg4# 1-0

[Event "Early-Titled-Tuesday-Blitz-October-24-2023"]
[Site "Chess.com"]
[Date "2023.10.24"]
[Round "5"]
[White "salomez"]
[Black "Mariia89"]
[Result "0-1"]
[WhiteElo "2349"]
[BlackElo "2146"]
[TimeControl "180+1"]
[EndTime "8:54:36 PDT"]
[Termination "Mariia89 won by resignation"]

1. d4 Nf6 2. Nc3 c5 3. d5 d6 4. e4 g6 5. Bd3 Bg7 6. Nf3 O-O 7.
O-O Bg4 8. h3 Bxf3 9. Qxf3 Nbd7 10. a4 Rc8 11. Qe2 Ne5 12. f4 Nxd3 13. cxd3 c4 14.
dxc4 Qa5 15. Bd2 Nd7 16. Nb5 Qb6+ 17. Be3 Qa6 18. Bxa7 Nc5 19. Ra3 h5 20. b3 Qa5 21.
Bxc5 Rxc5 22. e5 Qb4 23. exd6 exd6 24. Qa2 Re8 25. Nxd6 Re3 26. f5 Bd4 27. Kh1 Rxc4 28. Nxc4 Rc3 29. fxg6 fxg6 30. Qb1 Kg7 31. Qe4 Bf6 32.
Ra2 Rxb3 33. Ne3 Qxe4 0-1

[Event "Early-Titled-Tuesday-Blitz-October-24-2023"]
[Site "Chess.com"]
[Date "2023.10.24"]
[Round "5"]
[White "Kostya0705"]
[Black "Mystery2007"]
[Result "1-0"]
[WhiteElo "2629"]
[BlackElo "2463"]
[TimeControl "180+1"]
[EndTime "8:54:37 PDT"]
[Termination "Kostya0705 won on time"]

1. e4 a6 2. d4 e6 3. Nc3 b5 4.
f3 Bb7 5. Bd3 c5 6. dxc5 Bxc5 7.
Nge2 Ne7 8. a3 O-O 9. Bf4 d5 10. exd5 Nxd5 11. Nxd5 Bxd5 12. Qd2 Nd7 13. O-O-O Qb6 14.
Nc3 Nf6 15. Kb1 b4 16. Na4 Qc6 17. Nxc5 Qxc5 18. Qxb4 Qc6 19. h4 Ra7 20. c4 Rb7 21. Qc3 Rc8 22. Ka1 Qa4 23. Qd4 h6 24. Be5 Rb3 25. Bc2 Rxa3+ 26. bxa3 Qxa3+ 27. Kb1 Rxc4 28. Qxc4 Bxc4 29. Rd8+ Qf8 30. Rxf8+ Kxf8 31. Bxf6 gxf6 32. Rd1 Ke7 33. Bd3 Bb3 34. Rc1 a5 35. Rc7+ Kd6 36. Rxf7 Ke5 37. Ra7 a4 38. Bb5 Kf4 39. Bxa4 Bd5 40.
Rg7 Ke3 41. Rg6 Kf2 42. Rxf6 Kxg2 43. Rxh6 Kxf3 44. Bc2 Kg4 45. h5 Kg5 46. Rh8 e5 47. Re8 e4 48. Re5+ 1-0

[Event "Early-Titled-Tuesday-Blitz-October-24-2023"]
[Site "Chess.com"]
[Date "2023.10.24"]
[Round "5"]
[White "lamomiajunior"]
[Black "jcibarra"]
[Result "0-1"]
[WhiteElo "2660"]
[BlackElo "2930"]
[TimeControl "180+1"]
[EndTime "8:54:38 PDT"]
[Termination "jcibarra won by checkmate"]

1. d4 Nf6 2. c4 d6 3. Nc3 e5 4. Nf3 e4 5. Ng5 Qe7 6. Qc2 Bf5 7. f3 Nc6 8. e3 Nxd4 9. Qd1 Nc6 10. h4 h6 11. fxe4 Bg4 12. Nf3 Nxe4 13. Nd5 Qd7 14. Qa4 Ng3 15. Rg1 Be7 16. Bd3 O-O 17. Bd2 Bd8 18.
Qc2 Ne5 19. Be2 Nxe2 20. Kxe2 c6 21. Nf4 Bxh4 22. Bc3 Rfe8 23. Rad1 Bg3 24. Kf1 Nxc4 25. Bd4 Nxe3+ 26. Bxe3 Rxe3 27. Ne2 Bxf3 28. gxf3 Rxf3+ 29.
Kg2 Qg4 30. Rd4 Bf4+ 31. Kh1 Rh3# 0-1

[Event "Early-Titled-Tuesday-Blitz-October-24-2023"]
[Site "Chess.com"]
[Date "2023.10.24"]
[Round "5"]
[White "djano"]
[Black "JiaHaoxiang"]
[Result "0-1"]
[WhiteElo "2664"]
[BlackElo "2606"]
[TimeControl "180+1"]
[EndTime "8:54:38 PDT"]
[Termination "JiaHaoxiang won by resignation"]

1. d4 Nf6 2. Bf4 g5 3. Bxg5 Bg7 4. Nc3 c5 5. d5 d6 6. e4 a6 7. a4 Qa5 8. Qd2 Qb4 9. Bd3 Qxb2 10. Rb1 Qa3 11. Nge2 Nbd7 12. O-O c4 13. Bxc4 Qc5 14. Bd3 Ne5 15. Bh6 Rg8 16. Bxg7 Rxg7 17. Kh1 Nfg4 18.
Ng3 h5 19. f3 Ne3 20. Rg1 h4 21. Nh5 Rh7 22. Nf4 h3 23. Nd1 hxg2+ 24. Nxg2 Nxf3 25. Ngxe3 Nxd2 26. e5 Rh8 27. Rb2 dxe5 28. c4 Nf3 29. Rgg2 Bh3 30. Rgf2 Ne1 31. Bf1 Bxf1 32. Rxf1 Nd3 33.
Rxb7 Nf4 34. Nc3 Qxe3 35. d6 Rxh2+ 0-1

[Event "Early-Titled-Tuesday-Blitz-October-24-2023"]
[Site "Chess.com"]
[Date "2023.10.24"]
[Round "5"]
[White "Drags95"]
[Black "Ginzburg_Yakov"]
[Result "1-0"]
[WhiteElo "2825"]
[BlackElo "2608"]
[TimeControl "180+1"]
[EndTime "8:54:39 PDT"]
[Termination "Drags95 won by resignation"]

1. d4 d5 2. c4 c6 3. Nc3 Nf6 4. Nf3 dxc4 5. a4 Bf5 6. e3 e6 7.
Bxc4 Bb4 8. O-O O-O 9. Qe2 Bg6 10.
Ne5 Nbd7 11. Nxg6 hxg6 12. Rd1 Qe7 13. e4 e5 14. d5 Nb6 15. Bb3 Rfd8 16. a5 Nbd7 17.
a6 Nc5 18. axb7 Qxb7 19. dxc6 Qxc6 20. Bd5 Nxd5 21. Nxd5 Qb7 22. Bg5 Rd7 23. Qc4 a5 24. g3 Rc8 25. Rac1 Kh7 26. Be3 Qc6 27. Nxb4 Rxd1+ 28. Rxd1 axb4 29. Rc1 Qd7 30. Bxc5 Qd2 31. Kg2 b3 32. Be3 Qd7 33. Qxc8 1-0

[Event "Early-Titled-Tuesday-Blitz-October-24-2023"]
[Site "Chess.com"]
[Date "2023.10.24"]
[Round "5"]
[White "Chessmissile07"]
[Black "knightinshiningarmour16"]
[Result "0-1"]
[WhiteElo "2883"]
[BlackElo "2183"]
[TimeControl "180+1"]
[EndTime "8:54:41 PDT"]
[Termination "knightinshiningarmour16 won by resignation"]

1. e4 c6 2. Nf3 d5 3. Nc3 a6 4. d4 Bg4 5. Be2 e6 6. O-O dxe4 7. Nxe4 Nf6 8. Nxf6+ Qxf6 9. Ne5 Bxe2 10. Qxe2 Bd6 11. Bd2 O-O 12. Rad1 Bxe5 13. dxe5 Qe7 14. Be3 Nd7 15.
f4 Rfd8 16. Qc4 h6 17. Rd3 Nf8 18. Rfd1 Rd5 19. Qe4 Rad8 20. c4 Rxd3 21. Rxd3 Rxd3 22. Qxd3 Qd7 23. Qc2 Ng6 24. g3 Ne7 25. Kf2 Nf5 26.
Bc5 h5 27. a4 b5 28. cxb5 cxb5 29. a5 Qc6 30. Qc1 Qe4 31. b4 Nh6 32. h3 Nf5 33. Bd6 h4 34. g4 Ng3 35. Qd2 Qh1 36. Ke3 Nf1+ 37. Ke2 Nxd2 38. Kxd2 Qxh3 0-1